 Dungeon Crawl Stone Soup version 0.22-a0-348-gd16d139 (webtiles) character file.

54 xccam the Chopper (level 3, -1/31 HPs)
             Began as a Minotaur Monk on Apr 8, 2018.
             Slain by a gnoll
             ... wielding a +0 whip
              (11 damage)
             ... on level 2 of the Dungeon.
             The game lasted 00:01:11 (785 turns).

xccam the Chopper (Minotaur Monk)                    Turns: 785, Time: 00:01:12

Health: -1/31      AC:  2    Str: 15    XL:     3   Next: 66%
Magic:  2/2        EV: 13    Int:  7    God:
Gold:   80         SH:  0    Dex: 13    Spells: 2/2 levels left

rFire    . . .     SeeInvis +   a - +0 hand axe
rCold    . . .     Gourm    .   (no shield)
rNeg     . . .     Faith    .   b - +0 robe
rPois    .         Spirit   .   (helmet restricted)
rElec    .         Reflect  .   (no cloak)
rCorr    .         Harm     .   (no gloves)
MR       .....                  (no boots)
Stlth    ++........             (no amulet)
HPRegen  0.10/turn              i - ring of see invisible
MPRegen  0.08/turn              (no ring)

@: no status effects
A: retaliatory headbutt, horns 2
a: no special abilities


You were on level 2 of the Dungeon.
You were not hungry.

You visited 1 branch of the dungeon, and saw 2 of its levels.

You collected 80 gold pieces.

Inventory:

Hand Weapons
 a - a +0 hand axe (weapon)
Armour
 b - a +0 robe (worn)
Jewellery
 i - a ring of see invisible (left hand)
 k - an uncursed amulet of faith {unknown}
Scrolls
 e - a scroll of teleportation {unknown}
 g - a scroll of fog {unknown}
 h - a scroll of identify {unknown}
 j - 2 scrolls of enchant weapon {unknown}
Potions
 d - 2 potions of lignification {unknown}
 f - a potion of mutation {unknown}
Comestibles
 c - 3 rations


   Skills:
 - Level 3.6 Fighting
 + Level 5.7 Axes
 - Level 3.2 Dodging
 - Level 1.5 Stealth


You had 2 spell levels left.
You didn't know any spells.

Dungeon Overview and Level Annotations

Branches:
Dungeon (2/15)

Altars:


Innate Abilities, Weirdness & Mutations

You reflexively headbutt those who attack you in melee.
You have a pair of horns on your head.


Message History

The rat misses you. You furiously retaliate!
You headbutt the rat.
You kill the rat!
You swing at nothing.
A gnoll comes into view. It is wielding a whip.
You barely miss the goblin. The goblin hits you with a club.
You hit the goblin.
You kill the goblin!
You hit the kobold.
You kill the kobold!
You swing at nothing.
You swing at nothing.
You swing at nothing.
You hit the gnoll.
The gnoll is heavily wounded.
The gnoll hits you with a whip.
* * * LOW HITPOINT WARNING * * *
You closely miss the gnoll.
The gnoll is heavily wounded.
The gnoll hits you with a whip!
You die...

# ... .. ..# #.
#.## # .. ...
.#
#.#.###.###..#
#............##
#..)..%......
#####g###.##
#@# #.# #.# ##
#.###....
#........
#.######.
#.######.
#........
#.######.


You could see a gnoll.

Vanquished Creatures
  2 oozes
  3 leopard geckos (D:1)
  2 giant cockroaches
  9 goblins
  3 hobgoblins
  4 jackals (D:2)
  5 bats
  2 frilled lizards
  4 kobolds
  6 rats
40 creatures vanquished.

Notes
Turn   | Place    | Note
-------+----------+-------------------------------------------
     0 | D:1      | xccam the Minotaur Monk began the quest for the Orb.
     0 | D:1      | Reached XP level 1. HP: 19/19 MP: 0/0
    13 | D:1      | Reached skill level 4 in Axes
    63 | D:1      | Reached XP level 2. HP: 25/26 MP: 1/1
   305 | D:1      | Reached skill level 5 in Axes
   575 | D:1      | Reached XP level 3. HP: 24/31 MP: 2/2
   785 | D:2      | Slain by a gnoll

Vault maps used:
D:1:      dpeg_arrival_pits
D:2:      makhleb_grotto_becter, lemuel_round_altar, corexii_leaking_fountain

Skill      XL: |  1  2 |
---------------+-------+-----
Axes           | 4 5 |  5.7
Fighting       | |  3.6
Dodging        | |  3.2
Stealth        | |  1.5

Action                   || total
-------------------------++-------
Melee: Hand axe          ||    72
       Headbutt          ||     7
 Stab: Sleeping          ||     2
Armor: Robe              ||     7
Dodge: Dodged            ||    50

Table legend:
 A = Spawn XP
 B = Non-spawn XP
 C = Spawn XP percentage of total XP
 D = Spawn monster count
 E = Non-spawn monster count
 F = Spawn count percentage of total count
 G = Total turns spent on level
                    A         B        C        D         E        F      G
               +---------+---------+-------+---------+---------+-------+---------
         Total |       0 |      78 |   0.0 |       0 |      40 |   0.0 |   785
               +---------+---------+-------+---------+---------+-------+---------
           D:1 |       0 |      43 |   0.0 |       0 |      22 |   0.0 |   642
           D:2 |       0 |      35 |   0.0 |       0 |      18 |   0.0 |   143
               +---------+---------+-------+---------+---------+-------+---------
